EL
SPRINGFIELD CARDINALS @ TULSA DRILLERS
06/12/2047
 
TOP OF THE 1ST
Springfield Cardinals batting - Pitching for Tulsa Drillers : RHP Santiago Montero
Pitching: RHP Santiago Montero
Batting: RHB Josh Martin 0-0: Swinging Strike
0-1: Swinging Strike
0-2: Strikes out swinging
Batting: RHB Dave Cluster 0-0: Ball
1-0: Foul Ball, location: 2F
1-1: Foul Ball, location: 2F
1-2: Ground out U3 (Groundball, 13, EV 86.9 MPH)
Batting: RHB Mark Cahill 0-0: Called Strike
0-1: Foul Ball, location: 2F
0-2: Ball
1-2: Ball
2-2: DOUBLE (Line Drive, 7LS, EV 110.0 MPH)
Batting: RHB Josh Lyon 0-0: Called Strike
0-1: Called Strike
0-2: Ball
1-2: Strikes out looking
Top of the 1st over - 0 runs, 1 hit, 0 errors, 1 left on base; Springfield 0 - Tulsa 0
BOTTOM OF THE 1ST
Tulsa Drillers batting - Pitching for Springfield Cardinals : RHP Austin Akers
Pitching: RHP Austin Akers
Batting: LHB Tony Morales 0-0: Called Strike
0-1: Ball
1-1: Foul Ball, location: 2F
1-2: Foul Ball, location: 2F
1-2: Ball
2-2: Foul Ball, location: 2F
2-2: Foul Ball, location: 2F
2-2: Ball
3-2: Foul Ball, location: 2F
3-2: Fly out, F9 (Flyball, 89M, EV 87.5 MPH)
Batting: LHB Kevin Wiebe 0-0: Ball
1-0: Ball
2-0: Swinging Strike
2-1: Foul Ball, location: 2F
2-2: Ball
3-2: Strikes out swinging
Batting: LHB Jesus Ramirez 0-0: Called Strike
0-1: Ball
1-1: Called Strike
1-2: Strikes out swinging
Bottom of the 1st over - 0 runs, 0 hits, 0 errors, 0 left on base; Springfield 0 - Tulsa 0
TOP OF THE 2ND
Springfield Cardinals batting - Pitching for Tulsa Drillers : RHP Santiago Montero
Batting: RHB Justin Reich 0-0: Fly out, F8 (Flyball, 89M, EV 90.6 MPH)
Batting: RHB Jose Jimenez 0-0: Ball
1-0: Foul Ball, location: 2F
1-1: Ball
2-1: Ball
3-1: Base on Balls
Batting: RHB Immel Kamuzu 0-0: Called Strike
0-1: Ball
1-1: Ball
2-1: Swinging Strike
2-2: SINGLE (Groundball, 56D, EV 98.1 MPH)
Jose Jimenez to second
Batting: RHB Josh Broome 0-0: Called Strike
0-1: Ball
1-1: Swinging Strike
1-2: Foul Ball, location: 2F
1-2: Ball
2-2: Strikes out swinging
Batting: RHB Austin Akers 0-0: Called Strike
0-1: Foul Ball, location: 2F
0-2: Foul Ball, location: 2F
0-2: Ball
1-2: Foul Ball, location: 2F
1-2: SINGLE (Groundball, 56D, EV 101.9 MPH)
Jose Jimenez to third
Immel Kamuzu to second
Runner from 3rd tries for Home, SAFE, throw by LF to home
Batting: RHB Josh Martin 0-0: Called Strike
0-1: Foul Ball, location: 2F
0-2: SINGLE (Line Drive, 78M, EV 102.5 MPH)
Immel Kamuzu to third
Austin Akers to second
Batting: RHB Dave Cluster 0-0: Called Strike
0-1: Ground out 5-3 (Groundball, 15, EV 92.5 MPH)
Top of the 2nd over - 1 run, 3 hits, 0 errors, 3 left on base; Springfield 1 - Tulsa 0
BOTTOM OF THE 2ND
Tulsa Drillers batting - Pitching for Springfield Cardinals : RHP Austin Akers
Batting: RHB Nick Getz 0-0: Ball
1-0: Foul Ball, location: 2F
1-1: Foul Ball, location: 2F
1-2: SOLO HOME RUN (Line Drive, 7D, EV 96.9 MPH), Distance : 357 ft
Batting: RHB Tony Rivera 0-0: Ball
1-0: Called Strike
1-1: Foul Ball, location: 2F
1-2: Ball
2-2: SINGLE (Line Drive, 9S, EV 107.5 MPH)
Batting: RHB Aaron Burress 0-0: SINGLE (Groundball, 56D, EV 101.9 MPH)
Tony Rivera to second
Runner from 2nd tries for 3rd, SAFE, throw by LF made to third
Batting: RHB Jim Rogers 0-0: Called Strike
0-1: Foul Ball, location: 2F
0-2: Ball
1-2: Ball
2-2: Foul Ball, location: 2F
2-2: Foul Ball, location: 2F
2-2: Strikes out swinging
Batting: RHB Mike Plugge 0-0: Called Strike
0-1: SINGLE (Groundball, 6MD, EV 93.8 MPH)
Tony Rivera scores
Aaron Burress to second
Batting: RHB Kyle Garrett 0-0: Ball
1-0: Grounds into double play, 6-4-3 (Groundball, 6, EV 84.4 MPH)
Bottom of the 2nd over - 2 runs, 4 hits, 0 errors, 1 left on base; Springfield 1 - Tulsa 2
TOP OF THE 3RD
Springfield Cardinals batting - Pitching for Tulsa Drillers : RHP Santiago Montero
Batting: RHB Mark Cahill 0-0: Ball
1-0: Fly out, F7 (Flyball, 7S, EV 78.8 MPH)
Batting: RHB Josh Lyon 0-0: Foul Ball, location: 2F
0-1: Ball
1-1: Called Strike
1-2: Foul Ball, location: 2F
1-2: Ball
2-2: Strikes out looking
Batting: RHB Justin Reich 0-0: Ball
1-0: Foul Ball, location: 2F
1-1: Hit by Pitch
Batting: RHB Jose Jimenez 0-0: Ball
1-0: Ball
2-0: Called Strike
2-1: Foul Ball, location: 2F
2-2: Ball
3-2: Strikes out swinging
Top of the 3rd over - 0 runs, 0 hits, 0 errors, 1 left on base; Springfield 1 - Tulsa 2
BOTTOM OF THE 3RD
Tulsa Drillers batting - Pitching for Springfield Cardinals : RHP Austin Akers
Batting: LHB Tony Morales 0-0: Swinging Strike
0-1: Ball
1-1: Called Strike
1-2: Ball
2-2: Foul Ball, location: 2F
2-2: Strikes out looking
Batting: LHB Kevin Wiebe 0-0: Foul Ball, location: 2F
0-1: Ball
1-1: Swinging Strike
1-2: Ball
2-2: Ball
3-2: Strikes out looking
Batting: LHB Jesus Ramirez 0-0: Ball
1-0: Fly out, F9 (Flyball, 89M, EV 85.6 MPH)
Bottom of the 3rd over - 0 runs, 0 hits, 0 errors, 0 left on base; Springfield 1 - Tulsa 2
TOP OF THE 4TH
Springfield Cardinals batting - Pitching for Tulsa Drillers : RHP Santiago Montero
Batting: RHB Immel Kamuzu 0-0: SINGLE (Flyball, 6D, EV 93.1 MPH)
Batting: RHB Josh Broome 0-0: Ball
1-0: Swinging Strike
1-1: Called Strike
1-2: Strikes out swinging
Batting: RHB Austin Akers 0-0: Ball
1-0: Fly out, F3 (Line Drive, 3L, EV 71.2 MPH)
Lined into DP, U3 (Line Drive, 3L, EV 71.2 MPH)
Top of the 4th over - 0 runs, 1 hit, 0 errors, 0 left on base; Springfield 1 - Tulsa 2
BOTTOM OF THE 4TH
Tulsa Drillers batting - Pitching for Springfield Cardinals : RHP Austin Akers
Batting: RHB Nick Getz 0-0: Ball
1-0: Ground out 6-3 (Groundball, 6, EV 104.4 MPH)
Batting: RHB Tony Rivera 0-0: Fly out, F9 (Flyball, 9D, EV 90.6 MPH)
Batting: RHB Aaron Burress 0-0: Called Strike
0-1: Ball
1-1: Foul Ball, location: 2F
1-2: Strikes out swinging
Bottom of the 4th over - 0 runs, 0 hits, 0 errors, 0 left on base; Springfield 1 - Tulsa 2
TOP OF THE 5TH
Springfield Cardinals batting - Pitching for Tulsa Drillers : RHP Santiago Montero
Batting: RHB Josh Martin 0-0: Swinging Strike
0-1: Ball
1-1: SINGLE (Groundball, 6MD, EV 104.4 MPH)
Batting: RHB Dave Cluster 0-0: DOUBLE (Line Drive, 9LM, EV 90.6 MPH)
Josh Martin to third
Batting: RHB Mark Cahill 0-0: Called Strike
0-1: Called Strike
0-2: Foul Ball, location: 2F
0-2: Ball
1-2: Strikes out swinging
Batting: RHB Josh Lyon 0-0: Ground out 6-3 (Groundball, 56, EV 103.8 MPH)
Batting: RHB Justin Reich 0-0: Swinging Strike
0-1: Ground out 5-3 (Groundball, 56, EV 85.6 MPH)
Top of the 5th over - 0 runs, 2 hits, 0 errors, 2 left on base; Springfield 1 - Tulsa 2
BOTTOM OF THE 5TH
Tulsa Drillers batting - Pitching for Springfield Cardinals : RHP Austin Akers
Batting: RHB Jim Rogers 0-0: Ball
1-0: Ground out 6-3 (Groundball, 6M, EV 92.5 MPH)
Batting: RHB Mike Plugge 0-0: SINGLE (Groundball, 34D, EV 94.4 MPH)
Batting: RHB Kyle Garrett 0-0: Ball
1-0: Fly out, F8 (Flyball, 8LS, EV 88.1 MPH)
Batting: LHB Tony Morales 0-0: Called Strike
0-1: Ball
1-1: Called Strike
1-2: Ball
2-2: Strikes out swinging
Bottom of the 5th over - 0 runs, 1 hit, 0 errors, 1 left on base; Springfield 1 - Tulsa 2
TOP OF THE 6TH
Springfield Cardinals batting - Pitching for Tulsa Drillers : RHP Santiago Montero
Batting: RHB Jose Jimenez 0-0: Ball
1-0: Ball
2-0: Called Strike
2-1: Called Strike
2-2: Strikes out swinging
Batting: RHB Immel Kamuzu 0-0: Ball
1-0: Swinging Strike
1-1: Ball
2-1: Swinging Strike
2-2: Strikes out swinging
Batting: RHB Josh Broome 0-0: Called Strike
0-1: Ball
1-1: Foul Ball, location: 2F
1-2: Foul Ball, location: 2F
1-2: Ball
2-2: Ground out 5-3 (Groundball, 5S, EV 63.8 MPH)
Top of the 6th over - 0 runs, 0 hits, 0 errors, 0 left on base; Springfield 1 - Tulsa 2
BOTTOM OF THE 6TH
Tulsa Drillers batting - Pitching for Springfield Cardinals : RHP Austin Akers
Batting: LHB Kevin Wiebe 0-0: Foul Ball, location: 2F
0-1: Ball
1-1: Swinging Strike
1-2: Foul Ball, location: 2F
1-2: Ball
2-2: Foul Ball, location: 2F
2-2: Ball
3-2: Foul Ball, location: 2F
3-2: Fly out, F8 (Flyball, 8LM, EV 98.1 MPH)
Batting: LHB Jesus Ramirez 0-0: Ball
1-0: Foul Ball, location: 2F
1-1: Called Strike
1-2: Fly out, F7 (Flyball, 7D, EV 88.1 MPH)
Batting: RHB Nick Getz 0-0: Ball
1-0: Ball
2-0: Called Strike
2-1: SOLO HOME RUN (Flyball, 9LD, EV 90.6 MPH), Distance : 346 ft
Batting: RHB Tony Rivera 0-0: Ball
1-0: Ball
2-0: Ball
3-0: Called Strike
3-1: Base on Balls
Batting: RHB Aaron Burress 0-0: Ball
Tony Rivera steals 2nd base
1-0: Foul Ball, location: 2F
1-1: Called Strike
1-2: Ball
2-2: Foul Ball, location: 2F
2-2: Foul Ball, location: 2F
2-2: Foul Ball, location: 2F
2-2: Ground out 5-3 (Groundball, 56, EV 103.8 MPH)
Bottom of the 6th over - 1 run, 1 hit, 0 errors, 1 left on base; Springfield 1 - Tulsa 3
TOP OF THE 7TH
Springfield Cardinals batting - Pitching for Tulsa Drillers : RHP Santiago Montero
Batting: RHB Austin Akers 0-0: Ball
1-0: Foul Ball, location: 2F
1-1: Ground out 6-3 (Groundball, 6, EV 89.4 MPH)
Pitching: RHP Jordan Arredondo
Batting: RHB Josh Martin 0-0: Ball
1-0: Ball
2-0: Ball
3-0: Base on Balls
Batting: RHB Dave Cluster 0-0: Ball
Josh Martin steals 2nd base (no throw)
1-0: Swinging Strike
1-1: Ground out 5-3 (Groundball, 56S, EV 70.0 MPH)
Josh Martin to third
Batting: RHB Mark Cahill 0-0: Called Strike
0-1: Ball
1-1: Ball
2-1: Called Strike
2-2: Foul Ball, location: 2F
2-2: Foul Ball, location: 2F
2-2: Ball
3-2: Strikes out swinging
Top of the 7th over - 0 runs, 0 hits, 0 errors, 1 left on base; Springfield 1 - Tulsa 3
BOTTOM OF THE 7TH
Tulsa Drillers batting - Pitching for Springfield Cardinals : RHP Austin Akers
Pitching: RHP Cory Viola
Batting: RHB Jim Rogers 0-0: Swinging Strike
0-1: Foul Ball, location: 2F
0-2: Ball
1-2: Strikes out looking
Batting: RHB Mike Plugge 0-0: Called Strike
0-1: Swinging Strike
0-2: Ball
1-2: Ball
2-2: Ball
3-2: Strikes out swinging
Batting: RHB Kyle Garrett 0-0: Ground out 6-3 (Groundball, 6S, EV 80.0 MPH)
Bottom of the 7th over - 0 runs, 0 hits, 0 errors, 0 left on base; Springfield 1 - Tulsa 3
TOP OF THE 8TH
Springfield Cardinals batting - Pitching for Tulsa Drillers : RHP Jordan Arredondo
Batting: RHB Josh Lyon 0-0: Ball
1-0: Called Strike
1-1: Swinging Strike
1-2: Ground out 5-3 (Groundball, 56, EV 90.0 MPH)
Batting: RHB Justin Reich 0-0: DOUBLE (Groundball, 5L, EV 107.5 MPH)
Batting: RHB Jose Jimenez 0-0: Foul Ball, location: 2F
0-1: SINGLE (Groundball, 56D, EV 103.1 MPH)
Justin Reich to third
Runner from 3rd tries for Home, SAFE, throw by LF to home
Batting: RHB Immel Kamuzu 0-0: Called Strike
0-1: Ball
Jose Jimenez steals 2nd base
1-1: Called Strike
1-2: Reached on error, E6 (Groundball, 6, EV 88.1 MPH)
Jose Jimenez scores
Pinch Hitting: SHB Rich Muniz 0-0: Intentional Walk
Batting: RHB Austin Akers 0-0: Ball
1-0: Sac Bunt to 15 - play at first, batter OUT! 1-4
Immel Kamuzu to third
Rich Muniz to second
Batting: RHB Josh Martin 0-0: Ball
1-0: Foul Ball, location: 2F
1-1: Foul Ball, location: 2F
1-2: Strikes out swinging, 2-3 out at first.
Top of the 8th over - 2 runs, 2 hits, 1 error, 2 left on base; Springfield 3 - Tulsa 3
BOTTOM OF THE 8TH
Tulsa Drillers batting - Pitching for Springfield Cardinals : RHP Cory Viola
Now in CF: Rich Muniz
Batting: LHB Tony Morales 0-0: Called Strike
0-1: Swinging Strike
0-2: Ball
1-2: Ball
2-2: Strikes out swinging
Pitching: LHP Sid DeSensi
Batting: RHB Carlos Talavera 0-0: Ball
1-0: Swinging Strike
1-1: Ball
2-1: Foul Ball, location: 2F
2-2: Foul Ball, location: 2F
2-2: Ball
3-2: Foul Ball, location: 2F
3-2: Foul Ball, location: 2F
3-2: Ground out 4-3 (Groundball, 4, EV 84.4 MPH)
Batting: LHB Jesus Ramirez 0-0: Ground out 6-3 (Groundball, 6, EV 83.1 MPH)
Bottom of the 8th over - 0 runs, 0 hits, 0 errors, 0 left on base; Springfield 3 - Tulsa 3
TOP OF THE 9TH
Springfield Cardinals batting - Pitching for Tulsa Drillers : RHP Jordan Arredondo
Pitching: RHP Juan Hurtado
Batting: RHB Dave Cluster 0-0: Ground out U3 (Groundball, 34, EV 86.2 MPH)
Batting: RHB Mark Cahill 0-0: Ball
1-0: Fly out, F8 (Flyball, 8LD, EV 78.1 MPH)
Batting: RHB Josh Lyon 0-0: Called Strike
0-1: Called Strike
0-2: Strikes out swinging
Top of the 9th over - 0 runs, 0 hits, 0 errors, 0 left on base; Springfield 3 - Tulsa 3
BOTTOM OF THE 9TH
Tulsa Drillers batting - Pitching for Springfield Cardinals : LHP Sid DeSensi
Pitching: LHP Carlos Salcido
Batting: RHB Nick Getz 0-0: Ball
1-0: Swinging Strike
1-1: Foul Ball, location: 2F
1-2: Strikes out swinging
Batting: RHB Tony Rivera 0-0: Foul Ball, location: 2F
0-1: Ball
1-1: Called Strike
1-2: Ball
2-2: Hit by Pitch
Batting: RHB Aaron Burress 0-0: Ball
1-0: Swinging Strike
1-1: Foul Ball, location: 2F
1-2: Ball
2-2: Foul Ball, location: 2F
2-2: Ball
3-2: Strikes out looking
Tony Rivera steals 2nd base
Batter strikes out.
Batting: RHB Jim Rogers 0-0: Fly out, F8 (Line Drive, 8LM, EV 110.0 MPH)
Bottom of the 9th over - 0 runs, 0 hits, 0 errors, 1 left on base; Springfield 3 - Tulsa 3
TOP OF THE 10TH
Springfield Cardinals batting - Pitching for Tulsa Drillers : RHP Juan Hurtado
Batting: RHB Justin Reich 0-0: Foul Ball, location: 2F
0-1: Ball
1-1: Ball
2-1: Foul Ball, location: 2F
2-2: Ball
3-2: Foul Ball, location: 2F
3-2: TRIPLE (Line Drive, 8RXD, EV 104.4 MPH)
Batting: RHB Jose Jimenez 0-0: Ball
Wild Pitch!
Justin Reich scores
1-0: Called Strike
1-1: Swinging Strike
1-2: Strikes out swinging
Batting: RHB Immel Kamuzu 0-0: Called Strike
0-1: Ball
1-1: SINGLE (Flyball, 89S, EV 85.6 MPH)
Batting: SHB Rich Muniz 0-0: Swinging Strike
0-1: Called Strike
0-2: Fly out, F8 (Flyball, 78D, EV 102.5 MPH)
Batting: RHB Mark Marks 0-0: Called Strike
0-1: Ball
1-1: Ball
2-1: Ball
3-1: SINGLE (Groundball, 34D, EV 98.1 MPH)
Immel Kamuzu to second
Runner from 2nd tries for 3rd, SAFE, no throw by RF
Batting: RHB Josh Martin 0-0: Swinging Strike
0-1: Swinging Strike
0-2: Ball
1-2: Strikes out swinging
Top of the 10th over - 1 run, 3 hits, 0 errors, 2 left on base; Springfield 4 - Tulsa 3
BOTTOM OF THE 10TH
Tulsa Drillers batting - Pitching for Springfield Cardinals : LHP Carlos Salcido
Pitching: LHP Cody Coward
Batting: RHB Mike Plugge 0-0: Swinging Strike
0-1: Ground out 4-3 (Groundball, 4, EV 106.9 MPH)
Batting: RHB Kyle Garrett 0-0: Called Strike
0-1: Fly out, F8 (Flyball, 8RM, EV 88.8 MPH)
Batting: LHB Tony Morales 0-0: Swinging Strike
0-1: Foul Ball, location: 2F
0-2: Foul Ball, location: 2F
0-2: Ball
1-2: Foul Ball, location: 2F
1-2: Foul Ball, location: 2F
1-2: Foul Ball, location: 2F
1-2: Foul Ball, location: 2F
1-2: Foul Ball, location: 2F
1-2: Ball
2-2: Foul Ball, location: 2F
2-2: Foul Ball, location: 2F
2-2: Ball
3-2: SINGLE (Groundball, 34D, EV 94.4 MPH)
Batting: RHB Carlos Talavera 0-0: Ground out 4-3 (Groundball, 4, EV 104.4 MPH)
Bottom of the 10th over - 0 runs, 1 hit, 0 errors, 1 left on base; Springfield 4 - Tulsa 3
Thursday, December 15th , 2022 - OOTP Baseball 23.9 Build 102